 Dungeon Sprint DCSS version 0.27-a0-1147-gb3d8e82157 (webtiles) character file.

Game seed: 3224043807150869970

284 Zeld the Zephyrmancer (level 6, -16/43 HPs)
             Began as an Octopode Air Elementalist on May 11, 2021.
             Was a Follower of Sif Muna.
             Shot with a bolt by a yaktaur (29 damage)
             ... in the Dungeon (Sprint V: "Ziggurat Sprint").
             The game lasted 00:00:57 (312 turns).

Zeld the Zephyrmancer (Octopode Air Elementalist)    Turns: 312, Time: 00:00:58

Health: -16/43     AC:  1    Str:  8    XL:     6   Next: 29%
Magic:  14/14      EV: 14    Int: 31    God:    Sif Muna [*.....]
Gold:   0          SH:  0    Dex: 12    Spells: 4/16 levels left

rFire    . . .     SeeInvis .   w - staff of air
rCold    . . .     Faith    .   (no shield)
rNeg     . . .     Spirit   .   (helmet restricted)
rPois    .         Reflect  .   (no amulet)
rElec    +         Harm     .   p - +6 ring of intelligence
rCorr    .         Rampage  .   q - +6 ring of intelligence
Will     .....     NoTele   +   (no ring)
Stlth    +++.......             (no ring)
HPRegen  0.14/turn              (no ring)
MPRegen  0.14/turn              (no ring)
                                (no ring)
                                (no ring)

@: no status effects
A: almost no armour, amphibious, 8 rings, camouflage 1, gelatinous body 1,
(nimble swimmer 1), tentacles
a: Renounce Religion, Channel Magic


You were in the Dungeon.
You worshipped Sif Muna.
Sif Muna was aware of your devotion.
You visited 1 branch

Inventory:

Magical Staves
 w - a staff of air (weapon)
Jewellery
 p - a +6 ring of intelligence (left tentacle)
 q - a +6 ring of intelligence (right tentacle)
Wands
 r - a wand of mindburst (7)
 s - a wand of iceblast (1)
 t - a wand of acid (7)
Scrolls
 g - 4 scrolls of blinking
 j - 4 scrolls of amnesia
 l - 7 scrolls of fog
 m - a scroll of holy word
 n - 5 scrolls of identify
 o - 2 scrolls of fear
Potions
 a - 2 potions of brilliance
 b - 10 potions of curing
 c - 10 potions of heal wounds
 d - 6 potions of haste
 e - 7 potions of magic
 f - 3 potions of berserk rage
 h - 2 potions of invisibility
 i - 4 potions of resistance
 k - 5 potions of might
Miscellaneous
 u - a lightning rod (4/4)
 v - a lightning rod (4/4)


   Skills:
 + Level 4.0 Fighting
 + Level 4.6 Dodging
 - Level 2.6 Stealth
 + Level 5.7 Spellcasting
 - Level 1.0 Conjurations
 * Level 9.1 Air Magic
 * Level 6.2 Invocations


You had 4 spell levels left.
You knew the following spells:

 Your Spells              Type           Power      Damage    Failure   Level
a - Shock                 Conj/Air       100%       1d9       1%          1
b - Static Discharge      Conj/Air       57%        N/A       1%          2
c - Airstrike             Air            39%        N/A       1%          4
d - Lightning Bolt        Conj/Air       28%        1d45      17%         5

Your spell library contained the following spells:

 Spells                   Type           Power      Damage    Failure   Level
 Swiftness                Air            78%        N/A       1%          3
 Corona                   Hex            8%         N/A       4%          1
 Ensorcelled Hibernation  Hex/Ice        16%        N/A       8%          2
 Dazzling Flash           Conj/Hex       24%        N/A       12%         3
 Confusing Touch          Hex            8%         N/A       16%         3
 Tukima's Dance           Hex            8%         N/A       16%         3


Dungeon Overview and Level Annotations

Branches:
Dungeon (1/1)

Altars:
Ashenzari
Cheibriados
Dithmenos
Elyvilon
Fedhas
Gozag
Hepliaklqana
Kikubaaqudgha
Makhleb
Nemelex Xobeh
Okawaru
Qazlal
Ru
Sif Muna
Trog
Uskayaw
Vehumet
Wu Jian
Xom
Yredelemnul
Zin
The Shining One
Beogh
Jiyva
Lugonu

Annotations:
D 1 transporter


Innate Abilities, Weirdness & Mutations

You cannot wear most types of armour.
You are amphibious.
You can wear up to eight rings at the same time.
Your skin changes colour to match your surroundings (Stealth+).
Your rubbery body absorbs attacks. (AC +1, EV +1)
((You are camouflaged near water. (Stealth+)))
You have tentacles for arms and can constrict up to eight enemies at once.


Message History

You have reached level 6!
Your experience leads to an increase in your attributes!
Your base attributes are Str 8, Int 18, Dex 12.
Increase (S)trength, (I)ntelligence, or (D)exterity?
You feel clever.
Okay, then.
You see here a staff of air.
w - a staff of air
w - a staff of air (weapon)
You start resting.
Magic restored.
You start waiting.
You start waiting.
There is a transporter here.
Welcome to arena 3.
You enter the transporter and appear at another place. 4 yaktaurs come into view.
The yaktaur picks up a staff of cold.
The yaktaur wields a staff of cold.
Found three items.
Found a transporter.
Unknown command.
Aiming: Iceblast
Press: ? - help, Shift-Dir - straight line, f - yaktaur
Aim: a yaktaur, quivering bolts (asleep)
The mass of ice explodes!
The iceblast engulfs the yaktaur.
The yaktaur is lightly wounded.
The iceblast engulfs the yaktaur.
The yaktaur partially resists.
The yaktaur is lightly wounded.
The iceblast engulfs the yaktaur!
The yaktaur is moderately wounded.
The yaktaur shouts!
The iceblast engulfs the yaktaur!
The yaktaur is moderately wounded.
The yaktaur shouts!
The yaktaur wields a +0 arbalest.
The yaktaur shoots a bolt.
The bolt hits you!!
Ouch! That really hurt!
The yaktaur wields a +0 arbalest.
The yaktaur shoots a bolt.
The bolt hits you!!
Ouch! That really hurt!
You die...

▓▓▓▓▓▓▓▓▓▓▓▓▓▓▓▓▓▓▓
▓.8©8.▓.8©8.▓.8©8.▓
▓.ccc.▓.|.[.▓.....▓
▓..c..▓.....▓.....▓
▓.....▓.....▓.....▓
▓.....▓.....▓.....▓
▓.....▓.....▓..©..▓
▓..@..▓..©..▓▓▓▓▓▓▓
▓▓▓▓▓▓▓▓▓▓▓▓▓


You could see 4 yaktaurs.

Vanquished Creatures
  A golden eye (D)
  A hell hound (D)
  A jelly (D)
  A white imp (D)
  An ufetubus (D)
5 creatures vanquished.

Notes
Turn   | Place    | Note
-------+----------+-------------------------------------------
     0 | D        | Zeld the Octopode Air Elementalist began the quest for the
                  | Orb.
     0 | D        | Reached XP level 1. HP: 11/11 MP: 3/3
     2 | D        | Found a shimmering blue altar of Sif Muna.
     2 | D        | Found a bloodstained altar of Trog.
     2 | D        | Found a sacrificial altar of Ru.
     2 | D        | Found a stormy altar of Qazlal.
     2 | D        | Found an iron altar of Okawaru.
     3 | D        | Found a sparkling altar of Nemelex Xobeh.
     3 | D        | Found a blossoming altar of Fedhas.
     4 | D        | Found the +6 Majin-Bo {vamp, MP+6 Int+6}
     4 | D        | Found the +9 heavy crossbow "Sniper" {vorpal, Acc+∞ SInv}
     4 | D        | Found the +10 dark maul {vorpal}
     4 | D        | Found the +15 Maxwell's patent armour {-Cast -Tele rElec
                  | Will+ rCorr}
     4 | D        | Found the +18 shield of the Gong {rElec rN+ Will+ EV-5}
     4 | D        | Found the +14 obsidian axe {vorpal, Drain Fly SInv}
     4 | D        | Found the +7 great mace "Firestarter" {inner flame, rF++}
     4 | D        | Found the +6 shillelagh "Devastator" {shatter}
     4 | D        | Found the +11 plutonium sword {Contam Stlth-}
     4 | D        | Found the +8 lance "Wyrmbane" {slay drac, rPois rF+ rC+
                  | AC+3}
     4 | D        | Found the +9 sword of Zonguldrok {reap}
     4 | D        | Found the +13 scythe of Curses {drain, Drain}
     4 | D        | Found the +5 sword of Power {vorpal}
     4 | D        | Found the +7 mace of Variability {chain chaos}
     4 | D        | Found the +7 Singing Sword {vorpal, sonic wave}
     4 | D        | Found the +8 storm bow {elec, penet}
     5 | D        | Reached skill level 6 in Air Magic
     5 | D        | Reached XP level 2. HP: 17/17 MP: 4/7
     6 | D        | Found a transporter.
     6 | D        | Found an ancient bone altar of Kikubaaqudgha.
     6 | D        | Found a viscous altar of Jiyva.
     6 | D        | Found a corrupted altar of Lugonu.
     6 | D        | Found a hazy altar of Hepliaklqana.
     6 | D        | Found a burning altar of Makhleb.
     6 | D        | Found an opulent altar of Gozag.
    28 | D        | Learned a level 2 spell: Static Discharge
    31 | D        | Became a worshipper of Sif Muna the Loreminder
    54 | D        | Entered arena 2.
    54 | D        | Noticed a golden eye
    54 | D        | Found a transporter.
    55 | D        | Killed a golden eye
    56 | D        | Reached skill level 5 in Spellcasting
    56 | D        | Reached skill level 8 in Air Magic
    56 | D        | Reached XP level 3. HP: 25/25 MP: 7/9
    56 | D        | Reached XP level 4. HP: 30/30 MP: 8/11
    56 | D        | Reached XP level 5. HP: 35/35 MP: 8/12
    57 | D        | Reached skill level 5 in Invocations
    62 | D        | Learned a level 4 spell: Airstrike
    68 | D        | Learned a level 5 spell: Lightning Bolt
   177 | D        | Entered arena 3.
   177 | D        | Noticed a hell hound
   177 | D        | Found a transporter.
   178 | D        | Reached * piety under Sif Muna
   181 | D        | Killed a hell hound
   182 | D        | Reached skill level 9 in Air Magic
   182 | D        | Reached XP level 6. HP: 43/43 MP: 12/14
   311 | D        | Entered arena 4.
   311 | D        | Noticed a yaktaur
   311 | D        | Noticed a yaktaur
   311 | D        | Noticed a yaktaur
   311 | D        | Noticed a yaktaur
   311 | D        | Found a transporter.
   312 | D        | Shot with a bolt by a yaktaur

Illustrated notes

Levels and vault maps discovered:
D:        sprint_v [room_start, room_1, room_2, room_3, room_4, room_5, room_6,
          room_7, room_8, room_9, room_10, room_11, room_12, room_13, room_14,
          room_15, room_16, room_17, room_18, room_19, room_20, room_21,
          room_22, room_23, room_24, room_25, room_26, room_27]

Skill      XL: |  1  2  3  4  5 |
---------------+----------------+-----
Spellcasting   | 4 5 |  5.7
Air Magic      | 6 8 9 |  9.1
Fighting       | 2 4 |  4.0
Dodging        | 3 4 |  4.6
Invocations    | 4 6 |  6.2
Stealth        | |  2.6
Conjurations   | |  1.0

Action                   |  1- 3 |  4- 6 || total
-------------------------+-------+-------++-------
Evoke: Wand              |     1 |     5 ||     6
       Lightning rod     |       |     1 ||     1
  Use: Potion            |     1 |       ||     1
Dodge: Dodged            |       |     1 ||     1

Table legend: (Time is in decaauts)
 A = Elapsed time spent in this place.
 B = Non-inter-level travel time spent in this place.
 C = Inter-level travel time spent in this place.
 D = Time resting spent in this place.
 E = Time spent auto-exploring this place.
 F = Levels seen in this place.
 G = Mean time per level.
                   A        B        C        D        E       F      G
               +--------+--------+--------+--------+--------+-----+--------+
         Total |    310 |    310 |      0 |    219 |      0 |   1 |  310.0 |
       Dungeon |    310 |    310 |      0 |    219 |      0 |   1 |  310.0 |
               +--------+--------+--------+--------+--------+-----+--------+

Top non-repeatable levels by time:
       D: 310 daAuts
